[Event "*** SCC Grand Prix: Titled Tuesday Blitz"]
[Site "Chess.com"]
[Date "2020.06.23"]
[Round "1"]
[White "CalinGheorghiu"]
[Black "ValentinDragnev"]
[Result "0-1"]
[WhiteElo "2379"]
[BlackElo "2725"]
[TimeControl "180+1"]
[EndTime "10:06:33 PDT"]
[Termination "ValentinDragnev won by resignation"]

1. e4 e5 2. Nf3 Nc6 3. Nc3 d6 4.
d4 Nf6 5. Bb5 exd4 6. Nxd4 Bd7 7. Bxc6 bxc6 8. Qf3 c5 9. Nf5 Bxf5 10. exf5 Be7 11.
O-O O-O 12. Bg5 Rb8 13. b3 h6 14. Bh4 Rb4 15. Bg3 d5 16. Rad1 c6 17. a3 Rb7 18. Rfe1 Re8 19. Na4 Bf8 20. Be5 Rbe7 21. Qc3 d4 22. Qg3 Nd7 23. f4 f6 24. Bxf6 Nxf6 25.
Re6 Rxe6 26. fxe6 Rxe6 27. f5 Re8 28. c3 Qd5 29. cxd4 cxd4 30. Nc3 Qxb3 31. Qc7 0-1

[Event "*** SCC Grand Prix: Titled Tuesday Blitz"]
[Site "Chess.com"]
[Date "2020.06.23"]
[Round "1"]
[White "Logman74"]
[Black "WiktoriaPOL"]
[Result "1-0"]
[WhiteElo "2485"]
[BlackElo "1939"]
[TimeControl "180+1"]
[EndTime "10:06:34 PDT"]
[Termination "Logman74 won on time"]

1. e4 c5 2. Nf3 d6 3. d4 cxd4 4. Nxd4 Nf6 5. Nc3 a6 6. f4 e5 7.
Nf3 Nc6 8. Bd3 Be7 9. O-O O-O 10.
Kh1 b5 11. a3 Bb7 12. Nh4 Nd4 13.
fxe5 dxe5 14. Nf5 Nxf5 15. exf5 Qc7 16. Qe1 Qc6 17. Qg3 e4 18. Be2 Bd6 19. Qh3 b4 20. axb4 Bxb4 21. Bg5 Rac8 22. Rab1 Ba8 23. Ra1 Bxc3 24.
Rxa6 Qb7 25. bxc3 Nd5 26. f6 Nxc3 27. fxg7 Rfe8 28. Rh6 e3 29. Bf3 e2 30. Re1 Qb1 31. Bd2 Bxf3 32. gxf3 Qd1 33. Rxh7 Qxd2 34. Rg1 1-0

[Event "*** SCC Grand Prix: Titled Tuesday Blitz"]
[Site "Chess.com"]
[Date "2020.06.23"]
[Round "1"]
[White "Evgeny81"]
[Black "Justinz"]
[Result "1-0"]
[WhiteElo "2786"]
[BlackElo "2401"]
[TimeControl "180+1"]
[EndTime "10:06:35 PDT"]
[Termination "Evgeny81 won by resignation"]

1. e4 c5 2. b4 cxb4 3. Nf3 d5 4. exd5 Nf6 5. a3 Nxd5 6. axb4 Nxb4 7. Bb2 Bg4 8. Be2 e6 9. O-O N8c6 10. Na3 a6 11. Nc4 Rc8 12. h3 Bh5 13. Re1 Bg6 14.
d3 Nd5 15. Nfe5 Nxe5 16. Nxe5 Nc3 17. Qd2 Bb4 18. Qc1 O-O 19. Bf3 Rc7 20. Ba3 Bxa3 21. Qxa3 Nd5 22. c4 Nf4 23. Rad1 Qd4 24. h4 Rd8 25. Re3 f6 26. Nxg6 Nxg6 27. Be4 Ne5 28. Rde1 g6 29. Qa5 Ng4 30. Qxc7 Nxe3 31. Rxe3 Rd7 32.
Qc8+ Kg7 33. h5 f5 34. Bf3 e5 35. hxg6 hxg6 36. c5 Kf6 37. Qh8+ Kg5 38. Qxe5 Qxe5 39.
Rxe5 Rxd3 40. Bxb7 a5 41. c6 a4 42. c7 1-0

[Event "*** SCC Grand Prix: Titled Tuesday Blitz"]
[Site "Chess.com"]
[Date "2020.06.23"]
[Round "1"]
[White "Slovak_fighter2000"]
[Black "SantoBlue"]
[Result "0-1"]
[WhiteElo "2400"]
[BlackElo "2784"]
[TimeControl "180+1"]
[EndTime "10:06:35 PDT"]
[Termination "SantoBlue won by resignation"]

1. d4 Nf6 2. Nf3 d5 3. Bf4 c6 4. e3 Bg4 5. c4 e6 6. Nc3 Nbd7 7.
h3 Bxf3 8. Qxf3 g6 9. Bd3 Bg7 10. O-O O-O 11. Rfd1 dxc4 12. Bxc4 Nd5 13. Nxd5 exd5 14.
Bd3 Re8 15. Rab1 a5 16. b3 Nf8 17. a3 Ne6 18. b4 axb4 19. axb4 Qf6 20. Bg3 Qxf3 21.
gxf3 f5 22. Be5 Bxe5 23. dxe5 f4 24. Bf1 Ra3 25. Re1 Ng5 26. Bg2 Rxe5 27. exf4 Nxf3+ 28. Bxf3 Rxe1+ 29. Rxe1 Rxf3 30. Re7 b5 31. Rc7 Rxf4 32.
Rxc6 Rxb4 33. Rd6 Rd4 34. Rb6 b4 35. f3 Kg7 36. Kf2 Rh4 37. Kg3 g5 38. Kg2 h6 39.
Kg3 Rc4 40. Kf2 Rc2+ 41. Ke3 Rc3+ 42. Kf2 b3 43. Kg3 d4 44. Kf2 Rc2+ 0-1

[Event "*** SCC Grand Prix: Titled Tuesday Blitz"]
[Site "Chess.com"]
[Date "2020.06.23"]
[Round "1"]
[White "Gerasimenyuk_Miha"]
[Black "DenisQ"]
[Result "0-1"]
[WhiteElo "2323"]
[BlackElo "2650"]
[TimeControl "180+1"]
[EndTime "10:06:37 PDT"]
[Termination "DenisQ won by resignation"]

1. d4 Nf6 2. Nf3 g6 3. Bg5 Bg7 4. e3 c5 5. c3 b6 6. Nbd2 Bb7 7.
Bd3 d6 8. h4 h6 9. Bxf6 Bxf6 10. h5 g5 11. Qc2 Nc6 12. dxc5 bxc5 13. O-O O-O 14. Rad1 Qc7 15. Bh7+ Kh8 16. Be4 e6 17. Nh2 d5 18. Bf3 Rad8 19. e4 Ne5 20. exd5 Nxf3+ 21. Ndxf3 Bxd5 22. Rfe1 Bg7 23. c4 Bc6 24. b3 Rxd1 25.
Rxd1 Rd8 26. Rxd8+ Qxd8 27. Qd2 Qxd2 28. Nxd2 f5 29.
f3 Bc3 30. Nb1 Bd4+ 31. Kf1 Kg7 32. Ke2 f4 33. Nd2 Be8 34. Ne4 Bxh5 35. Kd3 Bg6 36. b4 Bg1 37. Ng4 cxb4 38. Ne5 a5 39. Nxg6 Kxg6 40. c5 Kf7 41. Kc4 Ke7 42. Kb5 Kd7 43. Nd2 h5 44. Nc4 Bd4 45. Nxa5 g4 46. Nb3 gxf3 47.
gxf3 Be3 48. c6+ Kc7 0-1

[Event "*** SCC Grand Prix: Titled Tuesday Blitz"]
[Site "Chess.com"]
[Date "2020.06.23"]
[Round "1"]
[White "kingmonkey2006"]
[Black "mjray79"]
[Result "1-0"]
[WhiteElo "2576"]
[BlackElo "2249"]
[TimeControl "180+1"]
[EndTime "10:06:37 PDT"]
[Termination "kingmonkey2006 won by checkmate"]

1. e4 e5 2. Nf3 Nc6 3. Bb5 a6 4.
Ba4 Nf6 5. O-O Be7 6. d3 b5 7.
Bb3 O-O 8. a4 Rb8 9. Nc3 b4 10.
Ne2 d5 11. exd5 Nxd5 12. a5 Bg4 13. Be3 Bxf3 14. gxf3 Kh8 15. Kh1 f5 16. Bc4 f4 17.
Bd2 Ra8 18. c3 bxc3 19. bxc3 Qd7 20. Rg1 Bc5 21. Rg2 Nf6 22. Qa4 e4 23. dxe4 Nxe4 24. Be1 Nd6 25. Bd5 Nb5 26. c4 Rab8 27. cxb5 Qxd5 28. bxc6 Qxf3 29. Qc4 Qxc6 30. Nd4 Qd6 31. Nf3 Qf6 32. Bc3 Qc6 33. Bxg7# 1-0

[Event "*** SCC Grand Prix: Titled Tuesday Blitz"]
[Site "Chess.com"]
[Date "2020.06.23"]
[Round "1"]
[White "Kislov_Oleg"]
[Black "KoustavChatterjee1"]
[Result "0-1"]
[WhiteElo "2389"]
[BlackElo "2754"]
[TimeControl "180+1"]
[EndTime "10:06:38 PDT"]
[Termination "KoustavChatterjee1 won by resignation"]

1. e4 e5 2. Nf3 Nc6 3. d4 exd4 4. Nxd4 Nf6 5. Nc3 Bb4 6. Nxc6 bxc6 7. Bd3 O-O 8. O-O d5 9. exd5 cxd5 10. Bg5 c6 11. Qf3 h6 12. Bxf6 Qxf6 13. Qxf6 gxf6 14. Ne2 Bd7 15.
Nf4 Bd6 16. Nh5 Be5 17. Rab1 Rab8 18. b3 Bg4 19. Ng3 Rfe8 20. Rfe1 Bc3 21. Rxe8+ Rxe8 22. Kf1 Re5 23. f4 Re3 24. Nf5 Rxd3 25. cxd3 Bxf5 26. Rc1 Bxd3+ 27. Kf2 d4 28. Kf3 f5 29. g3 Kg7 30.
Rd1 Be4+ 31. Ke2 Kf6 32. Rc1 Ke6 33. Rd1 Kd5 34. Rc1 Kc5 35. a3 a5 36. Rg1 d3+ 0-1

[Event "*** SCC Grand Prix: Titled Tuesday Blitz"]
[Site "Chess.com"]
[Date "2020.06.23"]
[Round "1"]
[White "Canairez"]
[Black "KaterynaLagno"]
[Result "0-1"]
[WhiteElo "2343"]
[BlackElo "2676"]
[TimeControl "180+1"]
[EndTime "10:06:40 PDT"]
[Termination "KaterynaLagno won by resignation"]

1. d4 Nf6 2. Nf3 g6 3. c4 Bg7 4. Nc3 d5 5. cxd5 Nxd5 6. Bd2 O-O 7. e4 Nxc3 8. Bxc3 c5 9. d5 e6 10. Bxg7 Kxg7 11. Bc4 b5 12. Be2 exd5 13. exd5 Qa5+ 14.
Qd2 Qxd2+ 15. Nxd2 Re8 16. f3 Bb7 17. Kf2 c4 18.
Ne4 Rd8 19. Rhd1 Rxd5 20. Nd6 Rxd1 21. Rxd1 Bc6 22. b3 cxb3 23. axb3 a6 24. Rc1 Ra7 25. Ke3 Re7+ 26. Kf2 Re6 27. Nc8 Bd5 28. b4 Nc6 29. Nb6 Nxb4 30. Nxd5 Nxd5 31. Rc5 Nf4 32. Bf1 Rb6 33.
g3 Ne6 34. Rc8 b4 35. Ra8 b3 36. Rxa6 Rxa6 37. Bxa6 Nc5 38. Bc4 b2 39. Ba2 Na4 40.
Ke3 Nc3 0-1

[Event "*** SCC Grand Prix: Titled Tuesday Blitz"]
[Site "Chess.com"]
[Date "2020.06.23"]
[Round "1"]
[White "1977Ivan"]
[Black "ArnieChipmunk"]
[Result "1-0"]
[WhiteElo "2669"]
[BlackElo "2340"]
[TimeControl "180+1"]
[EndTime "10:06:42 PDT"]
[Termination "1977Ivan won on time"]

1. d4 d5 2. c4 e6 3. Nc3 Nf6 4. cxd5 Nxd5 5. Nf3 c5 6. g3 Nc6 7. Bg2 Nxc3 8. bxc3 cxd4 9. cxd4 Bb4+ 10. Bd2 Bxd2+ 11. Qxd2 O-O 12. O-O Bd7 13. Rab1 b6 14. Ne5 Rc8 15.
Nxd7 Qxd7 16. Rfd1 Rfd8 17. e3 Na5 18. h4 Qa4 19.
Rbc1 Nc4 20. Qe2 Nd6 21. d5 Rxc1 22. Rxc1 e5 23. Rc6 g6 24. Qb2 f6 25. f4 Qd1+ 26.
Kh2 Nf5 27. Qf2 Nh6 28. Bh3 Ng4+ 29. Bxg4 Qxg4 30. fxe5 fxe5 31. Qf6 Qe2+ 32. Kh3 1-0

[Event "*** SCC Grand Prix: Titled Tuesday Blitz"]
[Site "Chess.com"]
[Date "2020.06.23"]
[Round "1"]
[White "murtas73"]
[Black "peixe64"]
[Result "0-1"]
[WhiteElo "2635"]
[BlackElo "2354"]
[TimeControl "180+1"]
[EndTime "10:06:42 PDT"]
[Termination "peixe64 won on time"]

1. d4 Nf6 2. c4 g6 3. Nc3 d5 4. cxd5 Nxd5 5. Bd2 Bg7 6. e4 Nb6 7.
Be3 O-O 8. Bb5 a6 9. Be2 Nc6 10. d5 Ne5 11. Bd4 e6 12. f4 Ned7 13. Bxg7 Kxg7 14.
Qd4+ Kg8 15. dxe6 fxe6 16. e5 Qe7 17. Nf3 Re8 18. O-O Qc5 19. Ne4 Qxd4+ 20. Nxd4 Nd5 21. Rac1 N7b6 22. Nc5 Rb8 23. Rf3 Bd7 24. a4 Bxa4 0-1

[Event "*** SCC Grand Prix: Titled Tuesday Blitz"]
[Site "Chess.com"]
[Date "2020.06.23"]
[Round "1"]
[White "VMikhalevski"]
[Black "kingofthenil"]
[Result "1-0"]
[WhiteElo "2774"]
[BlackElo "2393"]
[TimeControl "180+1"]
[EndTime "10:06:46 PDT"]
[Termination "VMikhalevski won on time"]

1. d4 Nf6 2. Nf3 c5 3. d5 e6 4. c4 exd5 5. cxd5 g6 6. Nc3 Bg7 7. g3 O-O 8. Bg2 d6 9. O-O Re8 10. Bf4 h6 11. Nb5 Bf8 12. a4 g5 13. Bc1 a6 14.
Nc3 Bf5 15. Nd2 Nbd7 16. Nc4 Nb6 17. Ne3 Bg6 18. a5 Nbd7 19. Nc4 b5 20. axb6 Nxb6 21. Na5 Qd7 22. Qb3 Nc8 23. Nc6 Ne4 24. Nxe4 Bxe4 25.
Bxe4 Rxe4 26. Qd3 Re8 27. Rxa6 Rxa6 28. Qxa6 Ne7 29. Nxe7+ Rxe7 30. Qd3 Bg7 31. b3 f5 32.
Bd2 Re4 33. e3 Qe7 34. Re1 Qf7 35. Rd1 g4 36. Be1 h5 37. Qa6 1-0

[Event "*** SCC Grand Prix: Titled Tuesday Blitz"]
[Site "Chess.com"]
[Date "2020.06.23"]
[Round "1"]
[White "Unknown_IM"]
[Black "Antipov_Mikhail_Al"]
[Result "0-1"]
[WhiteElo "2409"]
[BlackElo "2805"]
[TimeControl "180+1"]
[EndTime "10:06:47 PDT"]
[Termination "Antipov_Mikhail_Al won by checkmate"]

1. d4 Nf6 2. c4 g6 3. Nc3 d5 4. Bf4 Bg7 5. Nf3 O-O 6. c5 b6 7. b4 Nh5 8. e3 a5 9. a3 Nxf4 10.
exf4 axb4 11. axb4 Rxa1 12. Qxa1 Nc6 13. Qb2 Nxd4 14.
Nxd4 Bxd4 15. cxb6 cxb6 16. Bd3 Qc7 17. Nxd5 Qxf4 18. Nxf4 Bxb2 19. Nd5 Bb7 20. Nxe7+ Kg7 21. O-O Re8 22. Re1 Kf8 23. Rb1 Bf6 24. Kf1 Rxe7 25.
Rc1 Kg7 26. f3 Rd7 27. Ke2 Be7 28. b5 Bc5 29. Rc4 Bd5 30. Rc3 Re7+ 31. Kd1 Bb4 32. Rc8 Re1+ 33. Kc2 Rg1 34. g3 Rg2+ 35. Kb1 Rxh2 36.
Rb8 Ba2+ 37. Kc1 Ba3+ 38. Kd1 Bb3+ 39. Ke1 Bb4+ 40. Kf1 Rd2 41. Be2 Bc5 42. Rc8 Be6 43. Rc6 Rb2 44. Rc7 h5 45. Ke1 g5 46. Rc6 h4 47. gxh4 gxh4 48. f4 h3 49. Bf3 h2 50.
Be4 Bg4 51. Bd5 Bb4+ 52. Kf1 Bh3+ 53. Bg2 h1=Q# 0-1

[Event "*** SCC Grand Prix: Titled Tuesday Blitz"]
[Site "Chess.com"]
[Date "2020.06.23"]
[Round "1"]
[White "Julianos82"]
[Black "szachuspl"]
[Result "0-1"]
[WhiteElo "2245"]
[BlackElo "2574"]
[TimeControl "180+1"]
[EndTime "10:06:47 PDT"]
[Termination "szachuspl won by resignation"]

1. d4 Nf6 2. Nf3 g6 3. c4 Bg7 4. Nc3 O-O 5. e4 d6 6. Be2 Na6 7. O-O e5 8. Be3 Ng4 9. Bg5 f6 10. Bh4 Nh6 11. Qc2 Nf7 12. Rad1 g5 13. Bg3 h5 14. h3 g4 15. hxg4 hxg4 16. Nh4 exd4 17.
Rxd4 f5 18. Rdd1 f4 19. Ng6 fxg3 20. Nxf8 gxf2+ 21. Rxf2 Qxf8 22. Nd5 Qd8 23. g3 Be6 24. Kg2 Ne5 25. Rdf1 Nc5 26. Nf6+ Bxf6 27. Rxf6 Qe7 28. Qd2 Nxe4 29. Qh6 Nxf6 30. Rxf6 Re8 31. Bd1 Bxc4 32.
Bc2 Bd5+ 33. Kf1 Qxf6+ 34. Qxf6 Rf8 35. Qxf8+ Kxf8 0-1

[Event "*** SCC Grand Prix: Titled Tuesday Blitz"]
[Site "Chess.com"]
[Date "2020.06.23"]
[Round "1"]
[White "aa175"]
[Black "tigra"]
[Result "0-1"]
[WhiteElo "2402"]
[BlackElo "2788"]
[TimeControl "180+1"]
[EndTime "10:06:48 PDT"]
[Termination "tigra won on time"]

1. d4 Nf6 2. Nf3 g6 3. Bf4 Bg7 4. e3 d6 5. Be2 b6 6. O-O Bb7 7. c4 Nbd7 8. Nc3 Ne4 9. Nxe4 Bxe4 10. Nd2 Bb7 11. Bf3 Qc8 12. Rc1 O-O 13. Qe2 e5 14.
dxe5 dxe5 15. Bg5 Re8 16. Bd5 c6 17. Ne4 cxd5 18. Nd6 Qb8 19. Nxe8 Qxe8 20. cxd5 Bxd5 21. Rfd1 Bxa2 22. Rc7 Nc5 23. b4 Ne6 24. Re7 Qa4 25.
Ra1 Bc4 26. Rxa4 Bxe2 27. Bh4 a6 28. Rb7 b5 29. Ra5 Bf8 30. Be7 Nd8 31. Bxd8 Rxd8 32. f3 Bxb4 0-1

[Event "*** SCC Grand Prix: Titled Tuesday Blitz"]
[Site "Chess.com"]
[Date "2020.06.23"]
[Round "1"]
[White "wannabe2700"]
[Black "Godzillator"]
[Result "1-0"]
[WhiteElo "2716"]
[BlackElo "2371"]
[TimeControl "180+1"]
[EndTime "10:06:48 PDT"]
[Termination "wannabe2700 won by resignation"]

1. e4 c6 2. d4 d5 3. e5 Bf5 4. Nf3 e6 5. Be2 c5 6. Be3 cxd4 7. Nxd4 Ne7 8. c4 Nbc6 9. Na3 a6 10. O-O Nxd4 11.
Bxd4 Nc6 12. cxd5 Qxd5 13. Bf3 Qd7 14. Bc3 Qxd1 15. Rfxd1 Bxa3 16. bxa3 Rc8 17. a4 Ke7 18. Rd6 Rhd8 19. Rad1 Rxd6 20. exd6+ Kd7 21. Bxg7 Nb4 22. Bxb7 Rc2 23. a3 Nd3 24. Bxa6 Be4 25. f3 Nc5 26. fxe4 Nxa6 27. e5 Nc5 28. Rf1 Ke8 29. a5 Rc3 30. Rb1 Rxa3 31. Rb8+ Kd7 32. Rf8 Rxa5 33. Rxf7+ Kc6 34.
Rc7+ Kd5 35. d7 Ra1+ 36. Kf2 Ra8 37. Bf6 Nxd7 38. Rxd7+ Ke4 39. Rxh7 Ra2+ 40. Kg3 Ra3+ 41. Kg4 1-0

[Event "*** SCC Grand Prix: Titled Tuesday Blitz"]
[Site "Chess.com"]
[Date "2020.06.23"]
[Round "1"]
[White "MYMChessAcademy"]
[Black "Korchmar_Vasiliy"]
[Result "0-1"]
[WhiteElo "2263"]
[BlackElo "2603"]
[TimeControl "180+1"]
[EndTime "10:06:48 PDT"]
[Termination "Korchmar_Vasiliy won by checkmate"]

1. e4 c5 2. Nf3 d6 3. d4 cxd4 4.
Nxd4 Nf6 5. Nc3 Nc6 6. Be2 e5 7. Nb3 Be7 8. Be3 O-O 9. g4 a5 10. a4 Nb4 11. g5 Ne8 12. h4 Be6 13. Nd5 Nxd5 14. exd5 Bf5 15. Qd2 f6 16. Rg1 fxg5 17.
Bxg5 Bxg5 18. Rxg5 Rc8 19. Bd3 Bxd3 20. Qxd3 Qb6 21. O-O-O Rxf2 22. Rd2 Nf6 23. Qg3 Ne4 24. Rxg7+ Kh8 25. Qg4 Rf1+ 26. Rd1 Rxd1+ 27. Qxd1 Qxb3 28. Rg2 Qxa4 29. Qg4 Qa1# 0-1

[Event "*** SCC Grand Prix: Titled Tuesday Blitz"]
[Site "Chess.com"]
[Date "2020.06.23"]
[Round "1"]
[White "chipmunknau"]
[Black "Raffaello123"]
[Result "0-1"]
[WhiteElo "2594"]
[BlackElo "2416"]
[TimeControl "180+1"]
[EndTime "10:06:49 PDT"]
[Termination "Raffaello123 won by checkmate"]

1. Nf3 Nf6 2. g3 e6 3. Bg2 d5 4. O-O Be7 5. d4 O-O 6. c4 dxc4 7. Qc2 a6 8. a4 Bd7 9. Qxc4 Bc6 10. Nc3 b5 11. Qd3 b4 12. Nb1 Be4 13. Qd1 Nc6 14.
Nbd2 Bd5 15. Qc2 Na5 16. e4 Bb7 17. e5 Nd5 18. Ne4 Rc8 19. Rd1 b3 20. Qe2 Bb4 21. Bg5 Qe8 22. Rdc1 h6 23. Bd2 Qe7 24. Nc5 Bxc5 25.
Rxc5 Nc6 26. a5 Nxd4 27. Qc4 Nxf3+ 28. Bxf3 Ne3 29. Bxe3 Bxf3 30. Qxb3 Rb8 31. Qc3 c6 32. Rc1 Rfd8 33. Bxh6 Bd5 34. Be3 Rb3 35. Qc2 Qb7 36. Bd4 Qb4 37. Rd1 Bf3 38. Rd2 Rxd4 39. Rxd4 Qe1# 0-1

[Event "*** SCC Grand Prix: Titled Tuesday Blitz"]
[Site "Chess.com"]
[Date "2020.06.23"]
[Round "1"]
[White "JoliyRoger"]
[Black "Agent-JL"]
[Result "1-0"]
[WhiteElo "2136"]
[BlackElo "2485"]
[TimeControl "180+1"]
[EndTime "10:06:49 PDT"]
[Termination "JoliyRoger won by resignation"]

1. Nf3 Nf6 2. c4 Nc6 3. d4 e6 4.
a3 d5 5. cxd5 exd5 6. Nc3 Ne7 7.
Bg5 c6 8. Bxf6 gxf6 9. e3 Bf5 10. Bd3 Bg6 11. O-O Qd7 12. b4 Nf5 13. b5 Be7 14.
bxc6 bxc6 15. Qc2 Nd6 16. Na4 Ne4 17. Rfc1 Rc8 18. Nd2 Nxd2 19. Qxd2 Bd6 20. Nc5 Qe7 21. Rc3 O-O 22. Rac1 f5 23. g3 Kh8 24. Qc2 Qg5 25.
Nb7 Be7 26. Rxc6 Rxc6 27. Qxc6 Bxa3 28. Ra1 Qe7 29. Qxd5 Rb8 30. Nc5 Bb2 31. Rb1 a5 32. Nd7 Rb4 33. Ne5 Kg7 34. Qa8 Qb7 35. Qxb7 Rxb7 36.
Nc4 f4 37. Bxg6 hxg6 38. Rxb2 fxe3 39. Rxb7 e2 40. Re7 e1=Q+ 41. Rxe1 1-0

[Event "*** SCC Grand Prix: Titled Tuesday Blitz"]
[Site "Chess.com"]
[Date "2020.06.23"]
[Round "1"]
[White "FMJoseHerrera"]
[Black "Mbneu"]
[Result "1-0"]
[WhiteElo "2554"]
[BlackElo "2204"]
[TimeControl "180+1"]
[EndTime "10:06:51 PDT"]
[Termination "FMJoseHerrera won on time"]

1. Nf3 Nf6 2. g3 c5 3. Bg2 d5 4.
c4 e6 5. O-O Be7 6. d3 O-O 7.
Nbd2 Nc6 8. a3 Re8 9. b3 b6 10. e3 Bb7 11. Qc2 Rb8 12. Bb2 d4 13. exd4 Nxd4 14. Nxd4 cxd4 15. Nf3 Bxf3 16. Bxf3 e5 17.
Rfe1 Nd7 18. b4 Bg5 19. Qa4 Nf8 20. Qxa7 Qf6 21. Bg2 h5 22. h4 Bxh4 23. gxh4 Ng6 24.
Qc7 Nxh4 25. Qc6 Re6 26. Qe4 Nxg2 27. Kxg2 Qg5+ 28. Kh1 f5 29. Qg2 Qh6 30. Qd5 Re8 31.
Rg1 Qf4 32. Rg2 h4 33. Rag1 e4 34. Rxg7+ Kh8 35. Bc1 Qf3+ 36. Kh2 Qxf2+ 37. R1g2 Qf1 38. Qd7 1-0

[Event "*** SCC Grand Prix: Titled Tuesday Blitz"]
[Site "Chess.com"]
[Date "2020.06.23"]
[Round "1"]
[White "HunterBRR"]
[Black "rubhani"]
[Result "0-1"]
[WhiteElo "2099"]
[BlackElo "2510"]
[TimeControl "180+1"]
[EndTime "10:06:52 PDT"]
[Termination "rubhani won on time"]

1. d4 Nf6 2. c4 c5 3. d5 b5 4. Nf3 g6 5. Bg5 Bg7 6. Qc2 O-O 7. e4 bxc4 8. Nc3 d6 9. Bxc4 Nbd7 10. O-O Rb8 11. Rab1 Rb4 12. Be2 Rb8 13. Rfe1 Qa5 14.
Nd2 Ba6 15. Bxa6 Qxa6 16. b3 Ne5 17. f4 Nd3 18. Re2 Nh5 19. Nc4 Bd4+ 20. Kh1 Nhxf4 21. Bxf4 Nxf4 22. Ree1 e6 23. Ne2 Nxe2 24. Qxe2 Rbe8 25. dxe6 Rxe6 26. Qf3 Rfe8 27. Re2 d5 28. Nd2 dxe4 29. Rxe4 Rxe4 30. Nxe4 Qc6 31. Ng5 Qf6 0-1

[Event "*** SCC Grand Prix: Titled Tuesday Blitz"]
[Site "Chess.com"]
[Date "2020.06.23"]
[Round "1"]
[White "jonaszmb"]
[Black "axlbvRR"]
[Result "1-0"]
[WhiteElo "2471"]
[BlackElo "1868"]
[TimeControl "180+1"]
[EndTime "10:06:52 PDT"]
[Termination "jonaszmb won on time"]

1. d4 e6 2. c4 d5 3. Nf3 Nf6 4. g3 Be7 5. Bg2 O-O 6. O-O Nbd7 7.
Nc3 dxc4 8. e4 Nb6 9. Qe2 c5 10.
Rd1 cxd4 11. Nxd4 Qe8 12. Ncb5 Bd8 13. Nd6 Qe7 14. e5 Nfd5 15. h4 h6 16. b3 Nc3 17.
Qc2 Nxd1 18. Qxd1 Bc7 19. N4b5 Bb8 20. Ba3 Rd8 21. Qg4 Qd7 22. bxc4 a6 23. Nc3 Bxd6 24. Bxd6 Na4 25. Ne4 Kh7 26. c5 Ra7 27. Qh5 Qe8 28. Nf6+ gxf6 29. exf6 Rxd6 30. Be4+ Kg8 31. Qg4+ 1-0

[Event "*** SCC Grand Prix: Titled Tuesday Blitz"]
[Site "Chess.com"]
[Date "2020.06.23"]
[Round "1"]
[White "ValeriyGrinev"]
[Black "nitpicker"]
[Result "1-0"]
[WhiteElo "2543"]
[BlackElo "2179"]
[TimeControl "180+1"]
[EndTime "10:06:53 PDT"]
[Termination "ValeriyGrinev won by resignation"]

1. c4 e5 2. g3 Nf6 3. Bg2 d5 4. cxd5 Nxd5 5. Nf3 Nc6 6. O-O Be7 7. d4 e4 8. Ne5 Bf5 9. Nxc6 bxc6 10. Nc3 Nf6 11.
Bg5 O-O 12. e3 Rb8 13. Qc2 Re8 14. Bxf6 Bxf6 15. Bxe4 Bh3 16. Bg2 Bxg2 17. Kxg2 c5 18.
dxc5 Qc8 19. Rab1 Qb7+ 20. Kg1 a5 21. Rfd1 Qc6 22. Nd5 Bd8 23. b3 Rb5 24. Rbc1 h6 25.
Rd4 g6 26. Qc3 Be7 27. Nxe7+ Rxe7 28. Rd8+ Re8 29. Rxe8+ Qxe8 30. c6 Qe4 31. Qc4 Qf5 32. Qf4 Qxf4 33. gxf4 Kf8 34. Kf1 Ke7 35. Ke2 Kd6 36.
Rc4 Rc5 37. Rxc5 Kxc5 38. Kd3 Kxc6 39. Kc4 f5 40. f3 g5 41. fxg5 hxg5 42. h3 Kd6 43. a4 Ke5 44. b4 axb4 45. Kxb4 f4 46. e4 Kd4 47. Kb3 Kd3 48. Kb4 Kd4 49. Ka3 c5 50. a5 Kd3 51. a6 c4 52. a7 c3 53.
a8=Q c2 54. Kb2 Ke3 55. Kxc2 1-0

[Event "*** SCC Grand Prix: Titled Tuesday Blitz"]
[Site "Chess.com"]
[Date "2020.06.23"]
[Round "1"]
[White "CyberneticLion"]
[Black "ChessWarrior7197"]
[Result "0-1"]
[WhiteElo "2451"]
[BlackElo "2918"]
[TimeControl "180+1"]
[EndTime "10:06:54 PDT"]
[Termination "ChessWarrior7197 won by resignation"]

1. e4 c5 2. c3 Nf6 3. e5 Nd5 4. d4 cxd4 5. cxd4 d6 6. Nf3 Nc6 7. Bc4 dxe5 8. dxe5 Ndb4 9. Qb3 e6 10.
Na3 Na5 11. Bb5+ Bd7 12. Qa4 a6 13. Bxd7+ Qxd7 14. Qxd7+ Kxd7 15. O-O Be7 16. Rd1+ Ke8 17. Bd2 Rc8 18. Rac1 Rxc1 19. Rxc1 Nac6 20. Bxb4 Bxb4 21. Nc4 Kd7 22. Nd6 Bxd6 23. Rd1 Rc8 24. Rxd6+ Ke7 25.
Rd1 Na5 26. Kf1 Rc2 27. Rd2 Rc1+ 28. Ke2 Nc4 29. Rd4 Nxb2 30. Nd2 b5 31. Rd6 Rc2 32. Ke1 a5 33. Rb6 Nd3+ 34. Ke2 Nxe5 35. Rb7+ Kf6 36. Kd1 Rxa2 37. Rxb5 Nd3 38. Ne4+ Kg6 39. h4 Nxf2+ 40. Nxf2 Rxf2 41. g4 Rf4 42. h5+ Kh6 0-1

[Event "*** SCC Grand Prix: Titled Tuesday Blitz"]
[Site "Chess.com"]
[Date "2020.06.23"]
[Round "1"]
[White "Gahan-MG"]
[Black "PawnEatingZombie"]
[Result "1-0"]
[WhiteElo "2510"]
[BlackElo "2101"]
[TimeControl "180+1"]
[EndTime "10:06:54 PDT"]
[Termination "Gahan-MG won on time"]

1. e4 c6 2. d4 d5 3. e5 Bf5 4. Be3 e6 5. c4 Nd7 6. Nd2 Bg6 7.
Ngf3 Ne7 8. c5 Nf5 9. Bf4 Be7 10. Bd3 O-O 11. Nb3 Nh4 12. Nxh4 Bxh4 13. O-O Be7 14. Rc1 Qe8 15. Na5 Rb8 16. Re1 Qd8 17. b4 Qc7 18.
Qd2 Bd8 19. Re3 Qc8 20. Nb3 b6 21. Rh3 bxc5 22. bxc5 a5 23. Bxg6 fxg6 24. Bg5 a4 25. Na1 Qa6 26. Bxd8 Rbxd8 27. Nc2 Rb8 28. Nb4 Qb5 29. a3 Rf7 30. Qd3 Rbf8 31. Qxb5 cxb5 32. Rc2 Rf4 33. Rd3 Re4 34. g3 1-0

[Event "*** SCC Grand Prix: Titled Tuesday Blitz"]
[Site "Chess.com"]
[Date "2020.06.23"]
[Round "1"]
[White "Kopytkin"]
[Black "Volodar_Murzin"]
[Result "1-0"]
[WhiteElo "2399"]
[BlackElo "2714"]
[TimeControl "180+1"]
[EndTime "10:06:55 PDT"]
[Termination "Kopytkin won on time"]

1. e4 c6 2. d4 d5 3. exd5 cxd5 4. c4 Nf6 5. Nc3 g6 6. cxd5 Bg7 7. Bb5+ Nbd7 8. Nge2 O-O 9. Nf4 Nb6 10. Qb3 a5 11.
O-O Qd6 12. Re1 Rd8 13. Be3 Ng4 14. Ne4 Qb8 15. Be2 Nxe3 16. fxe3 Nd7 17. d6 e6 18.
d5 e5 19. Ne6 fxe6 20. dxe6 Kh8 21. e7 Re8 22. Ng5 h6 23. Qf7 Nf6 24. Ne4 Be6 25. Qxe6 Nxe4 26. Rad1 Qa7 27. Bd3 Nc5 28. Qxg6 Nxd3 29.
Rxd3 Qa6 30. Qe4 1-0

[Event "*** SCC Grand Prix: Titled Tuesday Blitz"]
[Site "Chess.com"]
[Date "2020.06.23"]
[Round "1"]
[White "Loveforever_Pepi"]
[Black "Cubitas"]
[Result "0-1"]
[WhiteElo "2196"]
[BlackElo "2553"]
[TimeControl "180+1"]
[EndTime "10:06:55 PDT"]
[Termination "Cubitas won on time"]

1. e4 c5 2. Nf3 Nc6 3. Bb5 g6 4. Bxc6 dxc6 5. d3 Bg7 6. h3 b6 7. Nc3 Nh6 8. Be3 f6 9. Qd2 Nf7 10. a3 O-O 11. b4 cxb4 12. axb4 f5 13. O-O e5 14. Qe2 f4 15. Bd2 g5 16. Nh2 Be6 17. Ra3 Qd7 18. Rfa1 Nd6 19. Qh5 h6 20. Ng4 Kh7 21.
Nh2 Ne8 22. Qf3 Nf6 23. Qe2 h5 24. f3 g4 25. hxg4 hxg4 26. fxg4 Nxg4 27. Nxg4 Bxg4 28. Qf2 Rf6 29. b5 Bf8 30. bxc6 Rxc6 31. Qh4+ Rh6 0-1

[Event "*** SCC Grand Prix: Titled Tuesday Blitz"]
[Site "Chess.com"]
[Date "2020.06.23"]
[Round "1"]
[White "CarlssonLudvig"]
[Black "GOGIEFF"]
[Result "0-1"]
[WhiteElo "2444"]
[BlackElo "2893"]
[TimeControl "180+1"]
[EndTime "10:06:56 PDT"]
[Termination "GOGIEFF won on time"]

1. d4 Nf6 2. c4 g6 3. Nc3 Bg7 4. e4 d6 5. Be2 O-O 6. Nf3 e5 7. dxe5 dxe5 8. Qxd8 Rxd8 9. Bg5 Nbd7 10. O-O-O Re8 11.
Nb5 Rb8 12. Nxc7 Rf8 13. Nd5 b6 14. Nd2 Bb7 15. Kb1 h6 16. Be3 Kh7 17. Nxf6+ Nxf6 18. f3 Nh5 19. g3 f5 20. Bd3 Rbd8 21. Kc2 Kh8 22.
Rhf1 f4 23. Bf2 fxg3 24. hxg3 Bf6 25. Be3 Kg7 26. Rg1 Be7 27. Be2 g5 28. Nb1 g4 29.
fxg4 Bxe4+ 30. Bd3 Rxd3 31. Rxd3 Nf6 32. g5 Ng4 33.
gxh6+ Kg6 34. Kd2 Bxd3 35. Kxd3 Rf3 36. Re1 Bg5 37. Nd2 Rxe3+ 38. Rxe3 Bxe3 39. Nf3 Bxh6 40. Ke4 Kf6 41. b4 Ke6 42. c5 Nf6+ 43. Kd3 e4+ 0-1